 Dungeon Crawl Stone Soup version 0.30-b1-2-g02819fbbbe (webtiles) character file.

Game seed: 5678248365354753093

203 RevX99 the Cutter (level 5, -4/46 HPs)
             Began as a Minotaur Fighter on May 18, 2023.
             Was a Believer of Wu Jian.
             Shot with an arrow by a centaur (10 damage)
             ... on level 6 of the Dungeon.
             The game lasted 00:23:42 (2526 turns).

RevX99 the Cutter (Minotaur Fighter)                Turns: 2526, Time: 00:23:43

Health: -4/46      AC: 11    Str: 23    XL:     5   Next: 51%
Magic:  4/4        EV:  9    Int:  5    God:    Wu Jian [**....]
Gold:   150        SH:  4    Dex:  9    Spells: 4/4 levels left

rFire   + . .        j - +1 dagger
rCold   + . .        c - +0 buckler
rNeg    . . .        b - +1 scale mail
rPois   .            (helmet restricted)
rElec   .            k - scarf {rC+ rF+}
rCorr   .            (no gloves)
SInv    .            g - +2 pair of boots
Will    .....        (no amulet) Stlth
                     (no ring)
HPRegen 0.27/turn    (no ring)
MPRegen 0.09/turn

%: no passive effects
@: mighty
A: horns 2, retaliatory headbutt
a: Renounce Religion, Wall Jump


You were on level 6 of the Dungeon.
You worshipped Wu Jian.
Wu Jian was pleased with you.
You visited 1 branch of the dungeon, and saw 6 of its levels.

You collected 150 gold pieces.

Inventory:

Hand Weapons
 a - a +0 long sword
 j - a +1 dagger (weapon)
 s - a +1 heavy mace
Missiles
 p - 3 boomerangs (quivered)
 q - 6 silver javelins
 u - 4 poisoned darts
Armour
 b - a +1 scale mail (worn)
 c - a +0 buckler (worn)
 g - a +2 pair of boots (worn)
 k - a scarf of resistance (worn)
Wands
 y - a wand of polymorph (8)
 z - a wand of acid (7)
Scrolls
 o - a scroll of teleportation
 r - a scroll of magic mapping
 A - a scroll of poison
Potions
 d - 2 potions of might
 e - a potion of resistance {unknown}
 f - 2 potions of degeneration
 h - 4 potions of attraction
 l - a potion of flight {unknown}
 m - a potion of magic {unknown}
 n - a potion of curing {unknown}
 t - 2 potions of ambrosia
 v - a potion of cancellation {unknown}
 w - a potion of lignification {unknown}


   Skills:
 - Level 3.8 Fighting
 * Level 5.1(5.5) Short Blades
 - Level 3.4(5.0) Long Blades
 - Level 3.8 Armour
 - Level 3.8 Shields


You had 4 spell levels left.
You didn't know any spells.
Your spell library contained the following spells:

 Spells                   Type           Power      Damage    Failure   Level
 Lesser Beckoning         Tloc           0%         N/A       94%         2
 Gell's Gravitas          Tloc           0%         N/A       99%         3
 Teleport Other           Tloc           0%         N/A       99%         3
 Vhi's Electric Charge    Tloc/Air       0%         N/A       99%         3
 Arcjolt                  Conj/Air       0%         1d10      100%        5
 Dispersal                Tloc           0%         N/A       100%        6
 Plasma Beam              Fire/Air       0%         2x1d11    100%        6


Dungeon Overview and Level Annotations

Branches:
Dungeon (7/15)
 Temple: D:4-7

Altars:
Gozag
Wu Jian


Innate Abilities, Weirdness & Mutations

You have a pair of horns on your head.
You reflexively headbutt those who attack you in melee.


Message History

The arrow barely misses you.
Throw: 3 boomerangs
Press: ? - help, Q - select action, (/) - cycle Shift-Dir - straight line, f/p - centaur
Aim: a centaur, wielding a +0 shortbow (67% to hit)
You throw a boomerang. The boomerang hits the centaur.
The centaur is lightly wounded.
The centaur shoots an arrow.
You hear some strange, mumbled words.
Deactivating autopickup; reactivate with Ctrl-A.
Something tries to affect you, but you resist.
The centaur shoots an arrow.
Reactivating autopickup.
You feel a bit more experienced.
Throw: 3 boomerangs
Press: ? - help, Q - select action, (/) - cycle Shift-Dir - straight line, f/p - centaur
Aim: a centaur, wielding a +0 shortbow (lightly wounded, 67% to hit)
You throw a boomerang.
The boomerang barely misses the centaur.
The centaur shoots an arrow.
The arrow hits you.
The centaur shoots an arrow.
The arrow hits you.
The centaur shoots an arrow.
The arrow hits you but does no damage.
The centaur shoots an arrow.
The arrow hits you.
The centaur shoots an arrow.
The arrow hits you.
You feel very mighty all of a sudden.
The centaur shoots an arrow.
The arrow hits you but does no damage.
The centaur shoots an arrow.
The arrow hits you.
* * * LOW HITPOINT WARNING * * *
Throw: 3 boomerangs
Press: ? - help, Q - select action, (/) - cycle Shift-Dir - straight line, f/p - centaur
Aim: a centaur, wielding a +0 shortbow (lightly wounded, 67% to hit)
You throw a boomerang. The boomerang hits the centaur.
The centaur is moderately wounded.
The centaur shoots an arrow.
The arrow hits you.
* * * LOW HITPOINT WARNING * * *
You hear the slow rusting of a very distant drain.
The centaur shoots an arrow.
You block the arrow.
The centaur shoots an arrow.
The arrow hits you!
* * * LOW HITPOINT WARNING * * *
The centaur shoots an arrow.
The arrow hits you!
You die...

#.#.......# #.#
#.#.......# #)#
#.#.......# #c#
#.#.......# #)#
#.#.......# #)#
#.#.#.#+### #.#
#.#)#.#+#####c#
#....>......#
#.....@######
#......+
##.....#
+.....# #.....#
#.....# #.....#
#######


You could see a centaur.

Vanquished Creatures
  An orc priest (D:4)
  A sleepcap (D:4)
  Jessica (D:2)
  An orc wizard (D:4)
  2 adders
  3 worms
  A dart slug (D:3)
  3 orcs
  7 ball pythons
  7 bats
  2 endoplasms
  6 giant cockroaches
  4 hobgoblins
  3 jackals (D:2)
  4 kobolds
  3 quokkas
  4 frilled lizards
  4 goblins
  6 rats
63 creatures vanquished.

Vanquished Creatures (others)
  2 orc wizards (D:6)
2 creatures vanquished.

Grand Total: 65 creatures vanquished

Notes
Turn   | Place    | Note
-------+----------+-------------------------------------------
     0 | D:1      | RevX99 the Minotaur Fighter began the quest for the Orb.
     0 | D:1      | Reached XP level 1. HP: 19/19 MP: 0/0
   117 | D:1      | Reached XP level 2. HP: 25/27 MP: 1/1
   663 | D:2      | Found a faded altar of an unknown god.
   678 | D:2      | Prayed at the altar of an unknown god.
   678 | D:2      | Became a worshipper of the Wu Jian Council
   678 | D:2      | Reached * piety under Wu Jian
   868 | D:2      | Reached skill level 1 in Short Blades
   884 | D:2      | Reached XP level 3. HP: 26/33 MP: 2/2
   893 | D:2      | Noticed Jessica
   898 | D:2      | Killed Jessica
   899 | D:2      | Reached skill level 2 in Short Blades
  1008 | D:2      | Reached XP level 4. HP: 40/40 MP: 3/3
  1041 | D:2      | Reached skill level 3 in Short Blades
  1549 | D:3      | Reached ** piety under Wu Jian
  1869 | D:3      | Identified the +1 helmet of Arghyhamoa {Will+}
  2196 | D:4      | Reached skill level 4 in Short Blades
  2196 | D:4      | Reached XP level 5. HP: 46/46 MP: 4/4
  2280 | D:4      | Reached skill level 5 in Short Blades
  2408 | D:4      | You fall into a shaft and drop 3 floors!
  2408 | D:7      | Found an opulent altar of Gozag.
  2417 | D:7      | Noticed a centaur
  2418 | D:7      | Noticed a black bear
  2487 | D:6      | Noticed a centaur
  2526 | D:6      | Shot with an arrow by a centaur

Illustrated notes

Levels and vault maps discovered:
D:1:      dpeg_arrival_round_b, layout_basic
D:2:      layout_rooms, ebering_ecumenical_altar_sacrificial,
          nicolae_kite_square_tiling_tiny, uniq_jessica
D:3:      layout_basic
D:4:      layout_basic, minmay_temple_entry_large_hall, uniq_natasha
D:6:      layout_basic, portal_sewer_entry_e, serial_shops, shop, shop
D:7:      layout_rooms, nicolae_gozag_seed_capital, jmf_multi_god_temple,
          enter_bailey_5, nicolae_ossuary_entry_ruins

Skill      XL: |  1  2  3  4  5 |
---------------+----------------+-----
Long Blades    | 3 |  3.4
Short Blades   | 1 2 4 5 |  5.1
Fighting       | |  3.8
Armour         | |  3.8
Shields        | |  3.8

Action                     |  1- 3 |  4- 6 || total
---------------------------+-------+-------++-------
  Melee: Long sword        |    33 |       ||    33
         Headbutt          |    12 |    28 ||    40
         Dagger            |    37 |    99 ||   136
  Throw: Dart              |     1 |     3 ||     4
         Boomerang         |       |    13 ||    13
Ability: Whirlwind         |     2 |     3 ||     5
         Lunge             |     2 |     9 ||    11
    Use: Scroll            |     3 |     7 ||    10
         Potion            |       |     1 ||     1
   Stab: Invisible         |     1 |       ||     1
 Armour: Scale mail        |    32 |    40 ||    72
  Dodge: Dodged            |    29 |    39 ||    68
  Block: Buckler           |    14 |    16 ||    30
